 Dungeon Crawl Stone Soup version 0.17-a0-1914-gde4187c (webtiles) character file.

856 Copingsaw the Conjurer (level 7, -7/37 HPs)
             Began as a Deep Elf Conjurer on Sept 26, 2015.
             Shot with an arrow by a centaur (8 damage)
             ... on level 5 of the Dungeon.
             The game lasted 00:30:19 (6058 turns).

Copingsaw the Conjurer (Deep Elf Conjurer)          Turns: 6058, Time: 00:30:19

Health: -7/37      AC:  2    Str:  6    XL:     7   Next: 70%
Magic:  18/18      EV: 17    Int: 21    God:
Gold:   80         SH:  0    Dex: 15    Spells: 5 memorised, 4 levels left

rFire  . . .     SeeInvis .     r - +1 dagger (venom)
rCold  . . .     Clarity  .     a - +0 robe
rNeg   . . .     SustAt   .     (no shield)
rPois  .         Gourm    .     w - +0 helmet
rElec  .         Spirit   .     (no cloak)
rCorr  .         Warding  .     z - +1 pair of gloves
rMut   .         Stasis   .     (no boots)
MR     .....                    (no amulet)
Stlth  +++.......               x - -3 ring of protection (curse)
                                h - +4 ring of evasion

@: not resistant to hostile enchantments, fairly stealthy
A: no striking features
a: no special abilities


You were on level 5 of the Dungeon.
You were very hungry.

You visited 1 branch of the dungeon, and saw 5 of its levels.

You collected 284 gold pieces.
You spent 204 gold pieces at shops.

Inventory:

Hand weapons
 l - a +0 short sword
 r - a +1 dagger of venom (weapon)
 y - a +2 dagger of speed
Missiles
 e - 49 poisoned needles
 v - 7 javelins of penetration (quivered)
Armour
 a - a +0 robe (worn)
 w - a +0 helmet (worn)
 z - a +1 pair of gloves (worn)
Jewellery
 f - an uncursed amulet of faith {unknown}
 h - a +4 ring of evasion (left hand)
 t - an uncursed ring of sustain attributes
 x - a cursed -3 ring of protection (right hand)
 A - an uncursed ring of protection from cold {unknown}
 C - a +2 ring of dexterity {unknown}
Magical devices
 B - a wand of disintegration (12)
Scrolls
 d - 4 scrolls of identify
 j - 3 scrolls of teleportation
 n - 2 scrolls of enchant weapon
 o - a scroll of magic mapping
 u - a scroll of recharging
Potions
 i - a potion of might
 k - 2 potions of ambrosia
 m - 2 potions of haste
 q - 5 potions of curing
 s - a potion of flight
 E - a potion of resistance {unknown}
Books
 b - a book of Conjurations

   Spells                             Type                      Level
   a - Magic Dart                     Conjuration                  1
   b - Searing Ray                    Conjuration                  2
   c - Dazzling Spray                 Conjuration/Hexes            3
   d - Fulminant Prism                Conjuration/Hexes            4
   e - Iskenderun's Mystic Blast      Conjuration                  4
   f - Iskenderun's Battlesphere      Conjuration/Charms           5
Comestibles
 c - 5 bread rations
 g - a meat ration
 p - 2 royal jellies


   Skills:
 + Level 0.5 Fighting
 + Level 3.2 Dodging
 + Level 4.0 Stealth
 + Level 6.2 Spellcasting
 + Level 7.8 Conjurations
 * Level 4.3 Hexes


You had 4 spell levels left.
You knew the following spells:

 Your Spells              Type           Power        Failure   Level  Hunger
a - Magic Dart            Conj           ####         1%          1    None
b - Searing Ray           Conj           #####.       1%          2    None
c - Dazzling Spray        Conj/Hex       ####....     2%          3    #......
d - Iskenderun's Mystic   Conj           #####...     4%          4    ###....
e - Fulminant Prism       Conj/Hex       ####......   10%         4    ###....


Dungeon Overview and Level Annotations

Branches:
Dungeon (5/15)
 Temple: D:4-7

Altars:
Ashenzari
Xom

Shops:
D:4 ?:%*

Annotations:
D:3 Natasha


Message History

* * * LOW HITPOINT WARNING * * *
The centaur shoots an arrow.
The arrow hits you.
* * * LOW HITPOINT WARNING * * *
Read which item? (? for menu, Esc to quit)
Okay, then.
Evoke which item? (* to show all) (? for menu, Esc to quit)
Zapping:
B - a wand of disintegration (will waste charges)
Press: ? - help, Shift-Dir - straight line, f - centaur
Aim: a centaur, wielding a shortbow (chance to defeat MR: 65%)
The centaur is blasted.
Evoking this partially-identified wand wasted a few charges.
The centaur shoots an arrow.
The arrow completely misses you.
Evoke which item? (* to show all) (? for menu, Esc to quit)
Zapping:
B - a wand of disintegration {zapped: 3} (will waste charges)
Press: ? - help, Shift-Dir - straight line, f/p - centaur
Aim: a centaur, wielding a shortbow (severely wounded, chance to defeat MR: 65%)
The centaur struggles to resist.
Evoking this partially-identified wand wasted a few charges.
The centaur shoots an arrow.
The arrow hits you!
You die...

####.# #.# #.# .....#######
#.###.## ####.......# #......#
.....####.####......# #########
.....####...........#####.......#
.......>........................#
...........#........#...........#
#.......#.##....####.............
........#.#.....@....##..........
........#.#.....####c##.....#.#..
.........<.......# #.###....#.#..
#######..........###.###....#....
.................................
...###.#...........#.###.....#...
...........>.......#.#...#...#..#
........##.........#.#.....#.##.#
.##................#.#.....#.##.#


You could see a centaur.

Vanquished Creatures
  2 phantoms
  An ice beast (D:5)
  An ogre (D:4)
  A crimson imp (D:5)
  3 orc wizards (D:4)
  Natasha (D:3)
  5 worker ants
  Robin (D:3)
  6 gnolls
  8 adders
  2 oozes
  An adder skeleton (D:4)
  2 worms (D:2)
  4 giant geckos
  7 orcs
  2 giant cockroaches (D:2)
  11 hobgoblins
  4 jackals (D:4)
  2 ball pythons
  8 bats
  4 giant newts
  20 goblins
  4 kobolds
  A quokka (D:2)
  5 rats
106 creatures vanquished.

Vanquished Creatures (others)
  A scorpion (D:4)
  An iguana (D:4)
  A quokka (D:4)
3 creatures vanquished.

Grand Total: 109 creatures vanquished

Notes
Turn   | Place    | Note
--------------------------------------------------------------
     0 | D:1      | Copingsaw the Deep Elf Conjurer began the quest for the Orb.
     0 | D:1      | Reached XP level 1. HP: 10/10 MP: 6/6
   409 | D:1      | Reached XP level 2. HP: 15/15 MP: 5/8
   414 | D:1      | Learned a level 2 spell: Searing Ray
   942 | D:2      | Reached skill level 5 in Conjurations
  1076 | D:2      | Reached XP level 3. HP: 19/19 MP: 4/9
  1157 | D:2      | Learned a level 3 spell: Dazzling Spray
  1528 | D:2      | Reached XP level 4. HP: 24/24 MP: 10/12
  2037 | D:2      | Learned a level 4 spell: Iskenderun's Mystic Blast
  2083 | D:3      | Found a shattered altar of Ashenzari.
  2256 | D:3      | Noticed Robin
  2309 | D:3      | Killed Robin
  2602 | D:3      | Reached XP level 5. HP: 23/28 MP: 1/14
  2815 | D:3      | Noticed Natasha
  2818 | D:3      | Killed Natasha
  2818 | D:3      | Reached skill level 5 in Spellcasting
  2911 | D:3      | Noticed Natasha
  3274 | D:4      | Found Woloymu's Magic Scroll Shop.
  3278 | D:4      | Bought a scroll of identify for 20 gold pieces
  3278 | D:4      | Bought a scroll of identify for 20 gold pieces
  3278 | D:4      | Bought a scroll of identify for 20 gold pieces
  3278 | D:4      | Bought a scroll of identify for 20 gold pieces
  3278 | D:4      | Bought a scroll of identify for 20 gold pieces
  3418 | D:4      | Found Itialini's Food Shop.
  3473 | D:4      | Noticed an ogre
  3476 | D:4      | Killed an ogre
  3476 | D:4      | Reached skill level 6 in Conjurations
  3476 | D:4      | Reached XP level 6. HP: 32/32 MP: 5/16
  3648 | D:4      | Reached skill level 1 in Hexes
  3778 | D:4      | Found Cih Paos's General Store.
  3797 | D:4      | Bought a scroll of identify for 26 gold pieces
  3797 | D:4      | Bought 2 potions of curing for 78 gold pieces
  3828 | D:4      | Noticed a phantom
  4035 | D:4      | Killed a phantom
  4167 | D:4      | Found a shimmering altar of Xom.
  4718 | D:4      | Reached XP level 7. HP: 36/36 MP: 5/18
  4937 | D:4      | Found Eriet's Book Shoppe.
  4939 | D:4      | Reached skill level 7 in Conjurations
  5000 | D:4      | Learned a level 4 spell: Fulminant Prism
  5054 | D:5      | Entered Level 5 of the Dungeon
  6056 | D:5      | HP: 1/37 [centaur/arrow (3)]
  6058 | D:5      | Shot with an arrow by a centaur

Vault maps used:
D:1:      dpeg_chamrin_arrival_tetris
D:2:      st_stairs_14
D:3:      evilmike_ruin_ashenzari, uniq_robin, uniq_natasha
D:4:      serial_shops, nicolae_shop_competitors_out_of_business, shop, shop,
          nicolae_shop_trees, first_bread, xom_confusion_cloud

Action                   |  1- 3 |  4- 6 |  7- 9 || total
-------------------------+-------+-------+-------++-------
Melee: Dagger            |     4 |     2 |       ||     6
 Cast: Magic Dart        |    57 |    79 |    23 ||   159
       Searing Ray       |     6 |    18 |     3 ||    27
       Iskenderun's Myst |       |    18 |    14 ||    32
Evoke: Wand              |       |       |     2 ||     2
  Use: Scroll            |       |    15 |     4 ||    19
       Potion            |       |       |     1 ||     1
  Eat: Chunk             |     2 |     7 |     5 ||    14
       Beef jerky        |       |     2 |       ||     2
       Fruit             |       |     2 |       ||     2
